 Dungeon Crawl Stone Soup version 0.23-a0-642-g3120c2f (webtiles) character file.

53 MisterFreud the Slasher (level 3, 0/24 HPs)
             Began as an Octopode Gladiator on Dec 30, 2018.
             Slain by a hound (5 damage)
             ... on level 2 of the Dungeon.
             The game lasted 00:01:30 (1231 turns).

MisterFreud the Slasher (Octopode Gladiator)        Turns: 1231, Time: 00:01:30

Health: 0/24       AC:  1    Str: 13    XL:     3   Next: 89%
Magic:  3/3        EV: 14    Int: 11    God:
Gold:   74         SH:  0    Dex: 13    Spells: 2/2 levels left

rFire    . . .     SeeInvis .   a - +0 long sword
rCold    . . .     Gourm    .   (no shield)
rNeg     . . .     Faith    .   b - +0 hat
rPois    .         Spirit   .   (no amulet)
rElec    .         Reflect  .   (no ring)
rCorr    .         Harm     .   (no ring)
MR       .....                  (no ring)
Stlth    ++........             (no ring)
HPRegen  0.08/turn              (no ring)
MPRegen  0.08/turn              (no ring)
                                (no ring)
                                (no ring)

@: no status effects
A: almost no armour, stealthy swim, amphibious, 8 rings, constrict 8, camouflage
1, gelatinous body 1
a: no special abilities


You were on level 2 of the Dungeon.
You were not hungry.

You visited 1 branch of the dungeon, and saw 2 of its levels.

You collected 74 gold pieces.

Inventory:

Hand Weapons
 a - a +0 long sword (weapon)
Missiles
 c - 5 throwing nets (quivered)
 g - 39 arrows
 k - 91 stones
 q - 5 poisoned needles
Armour
 b - a +0 hat (worn)
Scrolls
 e - a scroll of remove curse {unknown}
 f - 2 scrolls of identify {unknown}
 i - 4 scrolls of teleportation {unknown}
 j - a scroll of random uselessness {unknown}
 l - a scroll of noise {unknown}
 n - a scroll of immolation {unknown}
Potions
 m - a potion of cancellation {unknown}
 o - a potion of curing {unknown}
 p - 2 potions of degeneration {unknown}
 r - a potion of brilliance {unknown}
Comestibles
 d - 3 rations


   Skills:
 - Level 2.0 Fighting
 + Level 4.7 Long Blades
 - Level 2.0 Throwing
 - Level 3.0 Dodging


You had 2 spell levels left.
You didn't know any spells.
Your spell library was empty.

Dungeon Overview and Level Annotations

Branches:
Dungeon (2/15)

Altars:

Annotations:
D:2 Sigmund


Innate Abilities, Weirdness & Mutations

You cannot wear most types of armour.
You are very stealthy in the water. (Stealth+)
You are amphibious.
You can wear up to eight rings at the same time.
You can use your tentacles to constrict eight enemies at once.
Your skin changes colour to match your surroundings (Stealth+).
Your rubbery body absorbs attacks. (AC +1, EV +1)


Message History

The kobold hits you with a +0 dagger. The kobold closely misses you.
You hit the kobold.
You kill the kobold!
No target in view!
You start resting.
A hound comes into view.
The hound completely misses you.
You riposte.
You hit the hound but do no damage. Your grab misses the hound.
The hound closely misses you.
You riposte.
You closely miss the hound. You grab the hound.
Things that are here:
a +0 dagger; a kobold corpse You completely miss the hound.
You constrict the hound, but do no damage.
The hound bites you. x2
* * * LOW HITPOINT WARNING * * *
You are too injured to fight recklessly!
You release your grip on the hound.
The hound bites you.
You die...

#
###########.##
.......†<....#
.##########.##
#.# #.# #.#
#.# #######.#
#.).h@..#
#.####### #.
#. #. .. ##


You could see a hound.

Vanquished Creatures
  An adder (D:2)
  An ooze (D:2)
  A worm (D:2)
  2 dart slugs (D:1)
  A leopard gecko (D:1)
  A ball python (D:1)
  2 giant cockroaches (D:1)
  2 hobgoblins
  7 jackals (D:1)
  10 kobolds
  A frilled lizard (D:1)
  A goblin (D:1)
  A rat (D:1)
31 creatures vanquished.

Notes
Turn   | Place    | Note
-------+----------+-------------------------------------------
     0 | D:1      | MisterFreud the Octopode Gladiator began the quest for the
                  | Orb.
     0 | D:1      | Reached XP level 1. HP: 14/14 MP: 1/1
    87 | D:1      | Reached XP level 2. HP: 18/19 MP: 2/2
   390 | D:1      | Reached skill level 4 in Long Blades
   529 | D:1      | Reached XP level 3. HP: 17/24 MP: 3/3
  1118 | D:2      | Noticed Sigmund
  1231 | D:2      | Slain by a hound

Vault maps used:
D:1:      dpeg_arrival_chase
D:2:      grunt_temple_overflow_open, elyvilon_altar_1, uniq_sigmund

Skill      XL: |  1  2 |
---------------+-------+-----
Long Blades    | 4 |  4.7
Fighting       | |  2.0
Throwing       | |  2.0
Dodging        | |  3.0

Action                   || total
-------------------------++-------
Melee: Long sword        ||    51
       Constrict         ||    18
       Tentacles         ||    12
 Stab: Sleeping          ||     6
  Eat: Chunk             ||     1
Armor: Skin              ||     3
Dodge: Dodged            ||    39
       Rpst.: Long sword ||    14

Table legend:
 A = Non-vault XP
 B = Vault XP
 C = Vault XP percentage of total XP
 D = Non-vault monster count
 E = Vault monster count
 F = Vault count percentage of total count
                 A         B        C        D         E       F
            +---------+---------+-------+---------+---------+-------
      Total |      77 |       0 |   0.0 |      31 |       0 |   0.0
            +---------+---------+-------+---------+---------+-------
        D:1 |      46 |       0 |   0.0 |      24 |       0 |   0.0
        D:2 |      31 |       0 |   0.0 |       7 |       0 |   0.0
            +---------+---------+-------+---------+---------+-------
